 Dungeon Crawl Stone Soup version 0.28-a0-413-gde365fb1df (webtiles) character file.

Game seed: 733022289451070708

57 Spaninq the Firebug (level 3, -1/39 HPs)
             Began as a Draconian Fire Elementalist on Sept 7, 2021.
             Slain by a hound (5 damage)
             ... on level 3 of the Dungeon.
             The game lasted 00:04:54 (1640 turns).

Spaninq the Firebug (Draconian Fire Elementalist)   Turns: 1640, Time: 00:04:54

Health: -1/39      AC:  6    Str: 10    XL:     3   Next: 73%
Magic:  1/6        EV: 12    Int: 16    God:
Gold:   39         SH:  0    Dex: 11    Spells: 3/6 levels left

rFire   . . .      SeeInvis .   a - +0 dagger
rCold   . . .      Faith    .   (no shield)
rNeg    . . .      Spirit   .   (armour unavailable)
rPois   .          Reflect  .   (helmet restricted)
rElec   .          Harm     .   d - +0 cloak
rCorr   .          Rampage  .   (no gloves)
Will    .....                   (no boots)
Stlth   ..........              (no amulet)
HPRegen 0.13/turn               (no ring)
MPRegen 0.10/turn               (no ring)

@: berserking, lethally poisoned (-1 -> -3), very quick
A: AC +5, unfitting armour, cold-blooded
a: no special abilities


You were on level 3 of the Dungeon.
You visited 1 branch of the dungeon, and saw 4 of its levels.

You collected 39 gold pieces.

Inventory:

Hand Weapons
 a - a +0 dagger (weapon)
Armour
 d - a +0 cloak (worn)
Scrolls
 b - 3 scrolls of torment {unknown}
 g - a scroll of identify {unknown}
Potions
 c - a potion of lignification {unknown}
 e - a potion of brilliance {unknown}
 f - a potion of ambrosia {unknown}
 h - a potion of berserk rage


   Skills:
 - Level 1.7 Dodging
 - Level 1.7 Stealth
 + Level 2.4 Spellcasting
 * Level 2.4 Conjurations
 * Level 3.7 Fire Magic


You had 3 spell levels left.
You knew the following spells:

 Your Spells              Type           Power      Damage    Failure   Level
a - Foxfire               Conj/Fire      44%        2x1d6     5%          1
b - Scorch                Fire           26%        2d6       6%          2

Your spell library contained the following spells:

 Spells                   Type           Power      Damage    Failure   Level
 Conjure Flame            Conj/Fire      11%        6-21      17%         3
 Inner Flame              Hex/Fire       7%         N/A       28%         3
 Flame Wave               Conj/Fire      11%        3d4       50%         4


Dungeon Overview and Level Annotations

Branches:
Dungeon (4/15)
 Temple: D:4-7

Altars:

Shops:
D:2 ?


Innate Abilities, Weirdness & Mutations

Your plain brown scales are hard. (AC +5)
You cannot fit into any form of body armour.
You are cold-blooded and may be slowed by cold attacks.


Message History

You see here 21 stones.
The hound closely misses you. The hound closely misses you.
The hound bites you but does no damage. The hound bites you but does no damage.
The hound bites you but does no damage.
There is an escape hatch in the ceiling here.
The hound misses you. A mysterious force pulls you upwards.
The hatch slams shut behind you.
The adder hisses angrily.
The hound barely misses you.
You enter the shallow water.
Moving in this stuff is going to be slow.
The hound bites you. The hound misses you. The hound bites you.
The adder bites you but does no damage. The adder closely misses you.
The hound bites you but does no damage. The ball python barely misses you.
The ball python closely misses you.
The hound splashes around in the water.
The adder misses you. The adder bites you.
You are poisoned.
The adder poisons you!
Casting: Scorch (safe; 6% risk of failure)
Confirm with . or Enter, or press ? or * to list all spells.
Flames lash the ball python.
You kill the ball python!
You feel sick. The hound bites you but does no damage. The adder bites you.
You feel sick. The hound bites you but does no damage.
The hound splashes around in the water.
The adder bites you.
You are more poisoned.
The adder poisons you!
You feel sick. The adder bites you.
* * * LOW HITPOINT WARNING * * *
* * * LOW HITPOINT WARNING * * *
You feel sick. The adder bites you but does no damage.
It was a potion of berserk rage.
A red film seems to cover your vision as you go berserk!
You feel yourself moving faster!
You feel mighty!
You feel sick. The hound bites you but does no damage.
The adder closely misses you.
You barely miss the adder.
You feel sick. The hound bites you.
You die...

############ #
##≈≈≈≈≈.≈≈≈.## #≈
##.......≈≈.≈.#
#≈##.≈≈≈....≈.≈.≈..
#≈≈≈≈≈≈†≈≈≈≈≈≈≈≈≈≈≈
##≈≈≈≈≈≈≈≈≈.≈≈≈≈≈≈≈
###....≈.≈≈≈..≈...
#..≈.Sh..≈.≈....
##...@........##
##############


You could see a hound and an adder.

Vanquished Creatures
  An adder (D:2)
  A dart slug (D:2)
  6 ball pythons
  3 bats
  6 endoplasms
  A giant cockroach (D:1)
  3 goblins (D:1)
  5 hobgoblins
  2 jackals (D:1)
  4 kobolds
  4 quokkas
  2 frilled lizards (D:1)
  2 rats
40 creatures vanquished.

Vanquished Creatures (others)
  78 foxfires
78 creatures vanquished.

Grand Total: 118 creatures vanquished

Notes
Turn   | Place    | Note
-------+----------+-------------------------------------------
     0 | D:1      | Spaninq the Draconian Fire Elementalist began the quest for
                  | the Orb.
     0 | D:1      | Reached XP level 1. HP: 14/14 MP: 3/3
   296 | D:1      | Reached XP level 2. HP: 18/20 MP: 0/5
   402 | D:1      | Learned a level 2 spell: Scorch
  1076 | D:1      | Reached XP level 3. HP: 26/26 MP: 1/6
  1595 | D:2      | Found Seobech's Magic Scroll Emporium.
  1596 | D:2      | You fall into a shaft and drop 2 floors!
  1596 | D:4      | Noticed a scorpion
  1640 | D:3      | Slain by a hound

Illustrated notes

Levels and vault maps discovered:
D:1:      dpeg_arrival_windows_large_door, layout_basic
D:2:      layout_loops_ring, serial_shops, shop, chequers_jeans
D:3:      layout_basic, ebering_ecumenical_altar_ruins, hex_tiny, st_stairs_10,
          chequers_serial_rivers_small_3, serial_bayou_lake_a
D:4:      layout_basic

Skill      XL: |  1  2 |
---------------+-------+-----
Conjurations   | 2 |  2.4
Dodging        | |  1.7
Stealth        | |  1.7
Spellcasting   | |  2.4
Fire Magic     | |  3.7

Action                   || total
-------------------------++-------
Melee: Dagger            ||    14
       Tailslap          ||     3
 Cast: Foxfire           ||    46
       Scorch            ||    13
  Use: Potion            ||     1
Armor: Skin              ||    22
Dodge: Dodged            ||    37

Table legend: (Time is in decaauts)
 A = Elapsed time spent in this place.
 B = Non-inter-level travel time spent in this place.
 C = Inter-level travel time spent in this place.
 D = Time resting spent in this place.
 E = Time spent auto-exploring this place.
 F = Levels seen in this place.
 G = Mean time per level.
                   A        B        C        D        E       F      G
               +--------+--------+--------+--------+--------+-----+--------+
         Total |   1640 |   1586 |     54 |     55 |   1242 |   4 |  410.0 |
       Dungeon |   1640 |   1586 |     54 |     55 |   1242 |   4 |  410.0 |
               +--------+--------+--------+--------+--------+-----+--------+

Top non-repeatable levels by time:
     D:1: 1175 daAuts
     D:2: 419 daAuts
     D:4: 29 daAuts
     D:3: 15 daAuts
